| TOP OF THE 1ST |
|
Philadelphia Phillies batting - Pitching for Milwaukee Brewers : RHP Jose Berrios
|
|
Pitching: RHP Jose Berrios
|
|
|
Batting: LHB Jake Turnbull
|
0-0: Ball 1-0: Ball 2-0: Called Strike 2-1: Ball 3-1: Base on Balls
|
|
Batting: RHB Maikel Franco
|
0-0: Ball 1-0: Called Strike 1-1: Called Strike Jake Turnbull steals 2nd base 1-2: SINGLE (Line Drive, 7S, EV 86.3 MPH) Jake Turnbull to third Runner from 3rd tries for Home, SAFE, throw by LF to home
|
|
Batting: LHB Jonas Lantigua
|
0-0: Grounds into double play, 3-6-3 (Groundball, 34, EV 104.4 MPH)
|
|
Batting: LHB Ivan Hakanson
|
0-0: Ball 1-0: Ball 2-0: Ball 3-0: Called Strike 3-1: Foul Ball, location: 5DF 3-2: Base on Balls
|
|
Batting: RHB Michael Garnier
|
0-0: Ball 1-0: Called Strike 1-1: Called Strike 1-2: Ball 2-2: Ball 3-2: Foul Ball, location: 2RF 3-2: SINGLE (Groundball, 6MD, EV 103.1 MPH) Ivan Hakanson to second Ivan Hakanson to third
|
|
Batting: LHB Greg Bird
|
0-0: 3-RUN HOME RUN (Flyball, 7D, EV 98.1 MPH), Distance : 383 ft
|
|
Pitching: RHP Dave McFadden
|
|
|
Batting: RHB Gilbert Lara
|
0-0: Called Strike 0-1: Called Strike 0-2: Ball 1-2: Strikes out swinging
|
| Top of the 1st over - 4 runs, 3 hits, 0 errors, 0 left on base; Philadelphia 4 - Milwaukee 0 |
| BOTTOM OF THE 1ST |
|
Milwaukee Brewers batting - Pitching for Philadelphia Phillies : RHP Luis Miguel Rivera
|
|
Pitching: RHP Luis Miguel Rivera
|
|
|
Batting: RHB Kevin Thompson
|
0-0: Fly out, F7 (Flyball, 7, EV 93.8 MPH)
|
|
Batting: RHB Jorge Gutiérrez
|
0-0: Foul Ball, location: 5F 0-1: Ball 1-1: Fly out, F9 (Flyball, 89M, EV 96.9 MPH)
|
|
Batting: LHB Billy Wood
|
0-0: Ball 1-0: Fly out, F7 (Flyball, 78D, EV 110.0 MPH)
|
| Bottom of the 1st over - 0 runs, 0 hits, 0 errors, 0 left on base; Philadelphia 4 - Milwaukee 0 |
| TOP OF THE 2ND |
|
Philadelphia Phillies batting - Pitching for Milwaukee Brewers : RHP Dave McFadden
|
|
Batting: LHB J.P. Crawford
|
0-0: Ball 1-0: Swinging Strike 1-1: Ball 2-1: Ball 3-1: Swinging Strike 3-2: Fly out, F9 (Line Drive, 9S, EV 86.9 MPH)
|
|
Batting: SHB Jose Patino
|
0-0: Fly out, F3 (Line Drive, 34, EV 74.4 MPH)
|
|
Batting: LHB Jake Turnbull
|
0-0: Ball 1-0: Foul Ball, location: 2F 1-1: Ball 2-1: Swinging Strike 2-2: Strikes out swinging
|
| Top of the 2nd over - 0 runs, 0 hits, 0 errors, 0 left on base; Philadelphia 4 - Milwaukee 0 |
| BOTTOM OF THE 2ND |
|
Milwaukee Brewers batting - Pitching for Philadelphia Phillies : RHP Luis Miguel Rivera
|
|
Batting: RHB Jim Smith
|
0-0: Ball 1-0: Foul Ball, location: 7LSF 1-1: Ball 2-1: Foul Ball, location: 2F 2-2: TRIPLE (Flyball, 89XD, EV 106.3 MPH)
|
|
Batting: LHB Christian Yelich
|
0-0: Ball 1-0: Swinging Strike 1-1: Foul Ball, location: 2F 1-2: Strikes out swinging
|
|
Batting: RHB Dave Thomas
|
0-0: Hit by Pitch
|
|
Batting: LHB Reese McGuire
|
0-0: Called Strike 0-1: Foul Ball, location: 2F 0-2: Ball 1-2: Ball 2-2: Strikes out looking
|
|
Batting: RHB Steve Sanders
|
0-0: Ball 1-0: Ball 2-0: Ball 3-0: Called Strike 3-1: Fly out, F8 (Flyball, 8RS, EV 97.5 MPH)
|
| Bottom of the 2nd over - 0 runs, 1 hit, 0 errors, 2 left on base; Philadelphia 4 - Milwaukee 0 |
| TOP OF THE 3RD |
|
Philadelphia Phillies batting - Pitching for Milwaukee Brewers : RHP Dave McFadden
|
|
Batting: RHB Maikel Franco
|
0-0: Ground out 6-3 (Groundball, 6, EV 85.6 MPH)
|
|
Batting: LHB Jonas Lantigua
|
0-0: Ball 1-0: Foul Ball, location: 3F 1-1: Ball 2-1: Ball 3-1: Foul Ball, location: 3F 3-2: Strikes out swinging
|
|
Batting: LHB Ivan Hakanson
|
0-0: Ball 1-0: Called Strike 1-1: Called Strike 1-2: Strikes out swinging
|
| Top of the 3rd over - 0 runs, 0 hits, 0 errors, 0 left on base; Philadelphia 4 - Milwaukee 0 |
| BOTTOM OF THE 3RD |
|
Milwaukee Brewers batting - Pitching for Philadelphia Phillies : RHP Luis Miguel Rivera
|
|
Batting: RHB Christian Arroyo
|
0-0: Ball 1-0: Ball 2-0: Ball 3-0: Called Strike 3-1: Base on Balls
|
|
Batting: RHB Kevin Thompson
|
0-0: Swinging Strike 0-1: Ball 1-1: Swinging Strike 1-2: Ball 2-2: Ball 3-2: Reached on error, E6 (Groundball, 56, EV 100.0 MPH) Christian Arroyo to second
|
|
Batting: RHB Jorge Gutiérrez
|
0-0: Ball 1-0: SINGLE (Line Drive, 8LS, EV 108.1 MPH) Christian Arroyo to third Kevin Thompson to second Runner from 3rd tries for Home, SAFE, throw by CF to home Kevin Thompson to third Jorge Gutiérrez to second
|
|
Batting: LHB Billy Wood
|
0-0: Ball 1-0: Ball 2-0: Ball 3-0: Base on Balls
|
|
Batting: RHB Jim Smith
|
0-0: Swinging Strike 0-1: Ball 1-1: Ball 2-1: Ball 3-1: Swinging Strike 3-2: Base on Balls Kevin Thompson scores Jorge Gutiérrez to third Billy Wood to second
|
|
Batting: LHB Christian Yelich
|
0-0: Ball 1-0: Ball 2-0: Called Strike 2-1: Foul Ball, location: 2F 2-2: SINGLE (Line Drive, 4D, EV 106.3 MPH) Jorge Gutiérrez scores Billy Wood to third Jim Smith to second
|
|
Batting: RHB Dave Thomas
|
0-0: Ball 1-0: Called Strike 1-1: SINGLE (Groundball, 56, EV 103.8 MPH) Billy Wood scores Jim Smith to third Christian Yelich to second Runner from 3rd tries for Home, SAFE, throw by LF to home Christian Yelich to third Dave Thomas to second
|
|
Pitching: RHP Mike Morin
|
|
|
Batting: LHB Reese McGuire
|
0-0: Ball 1-0: Foul Ball, location: 2F 1-1: Ball 2-1: Called Strike 2-2: Ball 3-2: Fly out, F7 (Flyball, 78M, EV 97.5 MPH) Throwing error, E7 Christian Yelich scores Dave Thomas to third
|
|
Batting: RHB Steve Sanders
|
0-0: Called Strike 0-1: Fielders Choice at home, 6-2 (Groundball, 56, EV 91.9 MPH)
|
|
Batting: RHB Christian Arroyo
|
0-0: Foul Ball, location: 2LF 0-1: Ball 1-1: Foul Ball, location: 7LMFF 1-2: Fielders Choice at 2nd, 5-4 (Groundball, 5, EV 102.5 MPH)
|
| Bottom of the 3rd over - 6 runs, 3 hits, 2 errors, 1 left on base; Philadelphia 4 - Milwaukee 6 |
| TOP OF THE 4TH |
|
Philadelphia Phillies batting - Pitching for Milwaukee Brewers : RHP Dave McFadden
|
|
Pitching: RHP Greg Schatz
|
|
|
Batting: RHB Michael Garnier
|
0-0: Ground out 5-3 (Groundball, 56, EV 81.3 MPH)
|
|
Batting: LHB Greg Bird
|
0-0: Called Strike 0-1: Called Strike 0-2: Foul Ball, location: 3F 0-2: Ground out 4-3 (Groundball, 4, EV 80.0 MPH)
|
|
Batting: RHB Gilbert Lara
|
0-0: Ball 1-0: Called Strike 1-1: Ball 2-1: Foul Ball, location: 7LSF 2-2: Fly out, F9 (Flyball, 89S, EV 94.4 MPH)
|
| Top of the 4th over - 0 runs, 0 hits, 0 errors, 0 left on base; Philadelphia 4 - Milwaukee 6 |
| BOTTOM OF THE 4TH |
|
Milwaukee Brewers batting - Pitching for Philadelphia Phillies : RHP Mike Morin
|
|
Batting: RHB Kevin Thompson
|
0-0: Called Strike 0-1: Foul Ball, location: 2F 0-2: Ball 1-2: Fly out, F7 (Line Drive, 7, EV 91.9 MPH)
|
|
Batting: RHB Jorge Gutiérrez
|
0-0: Ball 1-0: Swinging Strike 1-1: Foul Ball, location: 5F 1-2: Fly out, F9 (Flyball, 9LM, EV 102.5 MPH)
|
|
Batting: LHB Billy Wood
|
0-0: Ball 1-0: Called Strike 1-1: Foul Ball, location: 5SF 1-2: Ball 2-2: Fly out, F8 (Flyball, 8RS, EV 96.3 MPH)
|
| Bottom of the 4th over - 0 runs, 0 hits, 0 errors, 0 left on base; Philadelphia 4 - Milwaukee 6 |
| TOP OF THE 5TH |
|
Philadelphia Phillies batting - Pitching for Milwaukee Brewers : RHP Greg Schatz
|
|
Batting: LHB J.P. Crawford
|
0-0: Ball 1-0: Ball 2-0: Ball 3-0: Called Strike 3-1: Foul Ball, location: 2F 3-2: Foul Ball, location: 7LDF 3-2: DOUBLE (Line Drive, 89D, EV 102.5 MPH)
|
|
Batting: SHB Jose Patino
|
0-0: Ball 1-0: Ball 2-0: Foul Ball, location: 5FF 2-1: Foul Ball, location: 2F 2-2: Foul Ball, location: 3F 2-2: Ball 3-2: Base on Balls
|
|
Batting: LHB Jake Turnbull
|
0-0: Ball 1-0: Fly out, F7 (Flyball, 78M, EV 95.6 MPH)
|
|
Batting: RHB Maikel Franco
|
0-0: Ball 1-0: Ground out 3-1 (Groundball, 34S, EV 70.6 MPH) J.P. Crawford to third Jose Patino to second
|
|
Batting: LHB Jonas Lantigua
|
0-0: Called Strike 0-1: Foul Ball, location: 2F 0-2: Ball 1-2: SINGLE (Line Drive, 6D, EV 96.9 MPH) J.P. Crawford scores Jose Patino to third Runner from 3rd tries for Home, SAFE, throw by CF to home
|
|
Batting: LHB Ivan Hakanson
|
0-0: Called Strike 0-1: Ball 1-1: Foul Ball, location: 2F 1-2: Strikes out swinging
|
| Top of the 5th over - 2 runs, 2 hits, 0 errors, 1 left on base; Philadelphia 6 - Milwaukee 6 |
| BOTTOM OF THE 5TH |
|
Milwaukee Brewers batting - Pitching for Philadelphia Phillies : RHP Mike Morin
|
|
Pitching: RHP Yimi Garcia
|
|
|
Batting: RHB Jim Smith
|
0-0: Ball 1-0: Fly out, F8 (Flyball, 8RM, EV 85.0 MPH)
|
|
Batting: LHB Christian Yelich
|
0-0: Foul Ball, location: 25FF 0-1: Swinging Strike 0-2: Ball 1-2: SINGLE (Groundball, 56D, EV 104.4 MPH)
|
|
Batting: RHB Dave Thomas
|
0-0: Ball 1-0: Ball Christian Yelich steals 2nd base 2-0: Called Strike 2-1: Ball Wild Pitch! Christian Yelich to third 3-1: Swinging Strike 3-2: Foul Ball, location: 2F 3-2: Strikes out looking
|
|
Batting: LHB Reese McGuire
|
0-0: Ball 1-0: Foul Ball, location: 2F 1-1: Foul Ball, location: 2F 1-2: Ball 2-2: Ball 3-2: Foul Ball, location: 5DF 3-2: 2-RUN HOME RUN (Flyball, 7D, EV 106.3 MPH), Distance : 388 ft
|
|
Batting: RHB Steve Sanders
|
0-0: Ball 1-0: Ball 2-0: Ball 3-0: Base on Balls
|
|
Batting: RHB Christian Arroyo
|
0-0: Called Strike 0-1: Foul Ball, location: 2F 0-2: Ball 1-2: Ground out 4-3 (Groundball, 4S, EV 78.1 MPH)
|
| Bottom of the 5th over - 2 runs, 2 hits, 0 errors, 1 left on base; Philadelphia 6 - Milwaukee 8 |
| TOP OF THE 6TH |
|
Philadelphia Phillies batting - Pitching for Milwaukee Brewers : RHP Greg Schatz
|
|
Batting: RHB Michael Garnier
|
0-0: Ball 1-0: Called Strike 1-1: Ball 2-1: Ground out 6-3 (Groundball, 6, EV 88.8 MPH)
|
|
Batting: LHB Greg Bird
|
0-0: Ball 1-0: Ball 2-0: Foul Ball, location: 23F 2-1: Foul Ball, location: 5SF 2-2: Ball 3-2: Base on Balls
|
|
Batting: RHB Gilbert Lara
|
0-0: Called Strike 0-1: Grounds into double play, 1-6-3 (Groundball, 13, EV 66.3 MPH)
|
| Top of the 6th over - 0 runs, 0 hits, 0 errors, 0 left on base; Philadelphia 6 - Milwaukee 8 |
| BOTTOM OF THE 6TH |
|
Milwaukee Brewers batting - Pitching for Philadelphia Phillies : RHP Yimi Garcia
|
|
Batting: RHB Kevin Thompson
|
0-0: Called Strike 0-1: Ball 1-1: Ball 2-1: Foul Ball, location: 2F 2-2: Foul Ball, location: 9LMF 2-2: Ball 3-2: Ground out 6-3 (Groundball, 6M, EV 86.3 MPH)
|
|
Pitching: RHP Curt Hardy
|
|
|
Batting: RHB Jorge Gutiérrez
|
0-0: TRIPLE (Line Drive, 78XD, EV 104.4 MPH)
|
|
Batting: LHB Billy Wood
|
0-0: Intentional Walk
|
|
Batting: RHB Jim Smith
|
0-0: Foul Ball, location: 5F 0-1: Ball 1-1: Swinging Strike Pickoff Throw by Catcher to First - Out! 1-2: Ball 2-2: Ball 3-2: Strikes out swinging
|
| Bottom of the 6th over - 0 runs, 1 hit, 0 errors, 1 left on base; Philadelphia 6 - Milwaukee 8 |
| TOP OF THE 7TH |
|
Philadelphia Phillies batting - Pitching for Milwaukee Brewers : RHP Greg Schatz
|
|
Pitching: LHP Curt Wilkerson
|
|
|
Batting: LHB J.P. Crawford
|
0-0: Fly out, F8 (Flyball, 89S, EV 88.8 MPH)
|
|
Batting: SHB Jose Patino
|
0-0: Ball 1-0: Fly out, F8 (Line Drive, 8RS, EV 91.9 MPH)
|
|
Batting: LHB Jake Turnbull
|
0-0: Ball 1-0: Fly out, F8 (Flyball, 8LS, EV 96.9 MPH)
|
| Top of the 7th over - 0 runs, 0 hits, 0 errors, 0 left on base; Philadelphia 6 - Milwaukee 8 |
| BOTTOM OF THE 7TH |
|
Milwaukee Brewers batting - Pitching for Philadelphia Phillies : RHP Curt Hardy
|
|
Batting: LHB Christian Yelich
|
0-0: Ball 1-0: Ball 2-0: Called Strike 2-1: SINGLE (Groundball, 15S, EV 69.4 MPH) (infield hit)
|
|
Batting: RHB Dave Thomas
|
0-0: Ball 1-0: Ball 2-0: Called Strike 2-1: Foul Ball, location: 3F 2-2: Strikes out swinging
|
|
Batting: LHB Reese McGuire
|
0-0: Swinging Strike 0-1: Ball 1-1: Fielders Choice at 2nd, 5-4 (Groundball, 56, EV 93.8 MPH)
|
|
Batting: RHB Steve Sanders
|
0-0: Called Strike 0-1: Swinging Strike 0-2: Strikes out looking
|
| Bottom of the 7th over - 0 runs, 1 hit, 0 errors, 1 left on base; Philadelphia 6 - Milwaukee 8 |
| TOP OF THE 8TH |
|
Philadelphia Phillies batting - Pitching for Milwaukee Brewers : LHP Curt Wilkerson
|
|
Pitching: RHP Trevor Rosenthal
|
|
|
Batting: RHB Maikel Franco
|
0-0: Ball 1-0: Swinging Strike 1-1: Foul Ball, location: 2F 1-2: Strikes out looking
|
|
Batting: LHB Jonas Lantigua
|
0-0: Ground out 4-3 (Groundball, 4, EV 85.0 MPH)
|
|
Batting: LHB Ivan Hakanson
|
0-0: Ball 1-0: SOLO HOME RUN (Line Drive, 9D, EV 101.3 MPH), Distance : 389 ft
|
|
Batting: RHB Michael Garnier
|
0-0: Called Strike 0-1: Swinging Strike 0-2: Foul Ball, location: 2F 0-2: Ball 1-2: Ball 2-2: Ball 3-2: Foul Ball, location: 3SF 3-2: Ground out 5-3 (Groundball, 56S, EV 84.4 MPH)
|
| Top of the 8th over - 1 run, 1 hit, 0 errors, 0 left on base; Philadelphia 7 - Milwaukee 8 |
| BOTTOM OF THE 8TH |
|
Milwaukee Brewers batting - Pitching for Philadelphia Phillies : RHP Curt Hardy
|
|
Batting: RHB Christian Arroyo
|
0-0: Foul Ball, location: 9LDF 0-1: Ball 1-1: Swinging Strike 1-2: Ground out 5-3 (Groundball, 56, EV 88.1 MPH)
|
|
Batting: RHB Kevin Thompson
|
0-0: Called Strike 0-1: Ball 1-1: Ball 2-1: Swinging Strike 2-2: Ball 3-2: Base on Balls
|
|
Batting: RHB Jorge Gutiérrez
|
0-0: Ball 1-0: Called Strike 1-1: Ball 2-1: Foul Ball, location: 2F 2-2: Ball 3-2: Ground out 6-3 (Groundball, 6, EV 85.6 MPH) Kevin Thompson to second
|
|
Batting: LHB Billy Wood
|
0-0: SINGLE (Line Drive, 4D, EV 105.0 MPH) Kevin Thompson to third Runner from 3rd tries for Home, SAFE, throw by RF to home
|
|
Batting: RHB Jim Smith
|
0-0: Called Strike 0-1: Foul Ball, location: 7LSF 0-2: Ball 1-2: Foul Ball, location: 2F 1-2: Foul Ball, location: 23F 1-2: Ball 2-2: Strikes out swinging
|
| Bottom of the 8th over - 1 run, 1 hit, 0 errors, 1 left on base; Philadelphia 7 - Milwaukee 9 |
| TOP OF THE 9TH |
|
Philadelphia Phillies batting - Pitching for Milwaukee Brewers : RHP Trevor Rosenthal
|
|
Pitching: LHP Ed Gaines
|
|
|
Batting: LHB Greg Bird
|
0-0: Ball 1-0: Ball 2-0: Swinging Strike 2-1: Foul Ball, location: 7LDF 2-2: Foul Ball, location: 7LSF 2-2: Strikes out swinging
|
|
Batting: RHB Gilbert Lara
|
0-0: Swinging Strike 0-1: Ball 1-1: Ball 2-1: Fly out, F4 (Popup, 34, EV 76.9 MPH)
|
|
Pinch Hitting: RHB Wes Bowers
|
0-0: Ball 1-0: Called Strike 1-1: Foul Ball, location: 25F 1-2: SINGLE (Groundball, 6MD, EV 102.5 MPH)
|
|
Batting: SHB Jose Patino
|
0-0: Fly out, F8 (Line Drive, 8RM, EV 98.8 MPH)
|
| Top of the 9th over - 0 runs, 1 hit, 0 errors, 1 left on base; Philadelphia 7 - Milwaukee 9 |
|